← All builds
Suicide front / Armada / Factory first / OBSERVED BUILD

Gauntlet defence

Armada Suicide front build order · Supreme Isthmus

A Bot Lab opening transitions into an early Gauntlet around 3:41, far earlier than usual, giving the suicide front a static artillery piece to anchor the middle before the normal T2 transition.

#defence #artillery · 148 distinct matches · 48 players · 5% of Armada Suicide front games · team won 57% of 153 · Recently observed

THE CATCH, AND WHAT COMES WITH IT
  • GauntletEarly defence from 3:41 · 7% of role by thenOnly 7% of Suicide front games have it by then; others who build it get it around 8:29

Where those units first fight, in 148 games with kill data: in the middle 100%.

Those units destroy a typical 1,308 metal of enemy units by 15:00.

Then transitions into rocketeer (14% of army), Rattlesnake (13% of army), Beamer (8% of army).

HOW TO PLAY IT

Key timing: Gauntlet by 3:42

  1. Open mex and Bot Lab as usual for Suicide front.
  2. Add early Beamers to start anchoring the middle.
  3. Push out a Gauntlet well ahead of the field to hold middle.
  4. Reclaim Bot Lab in many games to recycle metal into eco.
  5. Transition into Rocketeer and Rattlesnake army as T2 nears.

Phase by phase

TYPICAL OF ITS 148 GAMES · AGAINST STANDARD SUICIDE FRONT
  1. 1
  2. 2
  3. 3
PLAY THE OPENING

Follow the example game's first 6:00 step by step: what to build now, what comes next, and where it goes. At 1× it keeps pace with your own game.

  1. 1

    Bot Lab first

    Order
    1. Bot LabBot Lab done ~0:26, middle half 0:20–0:33

    Some games also: mex (48%)

  2. 2

    Bot Lab to Early defence

    Economy
    • Metal Extractor4Mex
    • Wind Turbine3Wind
    Order
    1. GauntletEarly defence after 5 mex, 3 winddone ~5:03, middle half 4:25–5:30
    Builders
    • Construction Bot3 Con bot
    • Lazarus2 Lazarus
    Army
    • Sentry2 Sentry −2 vs standard
    • Beamer2 Beamer +2 vs standard
    • Rocketeer6 Rocketeer −4 vs standard
    • Tick1 Tick
    Other
    • Radar Tower1 Radar Tower

    Some games also: pawn (49%) · centurion (48%)

    By 3:41 in all: 5 mex · 3 wind

    The example game in this phase · 28 steps
    1. TickTick
    2. Mex
    3. TickTick
    4. Wind
    5. Construction BotCon bot
    6. Wind
    7. PawnPawn
    8. Mex
    9. PawnPawn ×2
    10. LazarusLazarus
    11. BeamerBeamer
    12. Construction BotCon bot
    13. BeamerBeamer
    14. LazarusLazarus
    15. OverwatchOverwatch
    16. SentrySentry
    17. Mex
    18. OverwatchOverwatch
    19. PawnPawn
    20. Mex
    21. Construction BotCon bot
    22. Mex
    23. BeamerBeamer
    24. PawnPawn
    25. OverwatchOverwatch
    26. Radar TowerRadar Tower
    27. PawnPawn ×2
    28. GauntletGauntletdone 4:02 · typical 5:03
  3. 3

    Early defence to 10:00

    Economy
    • Metal Extractor1Mex
    • Wind Turbine24Wind+6 vs standard
    • Energy Storage1Energy storage
    Builders
    • Construction Turret3 Con turret
    • Lazarus1 Lazarus
    • Construction Bot1 Con bot
    Army
    • Sentry1 Sentry
    • Beamer1 Beamer
    • Rocketeer2 Rocketeer −13 vs standard
    Other
    • Dragon's Teeth4 Dragon's Teeth +4 vs standard

    Some games also: tick (44%) · Sneaky Pete (41%) · converter (39%) · pawn (39%) · Gauntlet (38%) · eat Bot Lab (42%)

    By 10:00 in all: 6 mex · 27 wind · 1 energy storage · 4 con turret (standard 2)

    The example game in this phase · 61 steps
    1. PawnPawn
    2. LazarusLazarus
    3. Wind ×3
    4. PawnPawn
    5. Wind
    6. PawnPawn
    7. BeamerBeamer
    8. Wind
    9. PawnPawn
    10. Wind
    11. Construction BotCon bot
    12. Wind ×2
    13. LazarusLazarus
    14. Wind
    15. LazarusLazarus
    16. Radar TowerRadar Tower
    17. Wind
    18. Sneaky PeteSneaky Pete
    19. PawnPawn
    20. Wind
    21. LazarusLazarus
    22. Wind
    23. PawnPawn ×2
    24. Wind
    25. PawnPawn
    26. Wind
    27. LazarusLazarus
    28. Wind
    29. LazarusLazarus
    30. Wind
    31. PawnPawn
    32. Wind
    33. PawnPawn
    34. Advanced Metal ExtractorT2 mexdone 8:17 · typical 9:25
    35. Wind
    36. PawnPawn ×2
    37. Wind
    38. PawnPawn ×2
    39. Wind
    40. PawnPawn
    41. Bot LabEat Bot Labreclaimed for its metal
    42. Wind
    43. SentrySentry
    44. Pit BullPit Bull
    45. Advanced Metal ExtractorT2 mex
    46. NettleNettle
    47. Advanced Metal ExtractorT2 mex
    48. Con turret
    49. Energy storage
    50. Wind
    51. Advanced Radar TowerAdvanced Radar Tower
    52. Wind ×2
    53. Con turret
    54. Advanced Bot LabAdvanced Bot Labdone 14:49
    55. Wind
    56. Con turret
    57. Wind ×3
    58. ButlerButler
    59. Wind ×2
    60. SmugglerJammer bot
    61. Wind

Counts are medians over the build's games: half of them build more, half fewer. The example game is XXMACGAMERXX's (41 OS, 13/10/2026); pick another.

Team trades

IN AT LEAST 30% OF ITS GAMES

You hand over

Nothing regular.

You get

  • Tidal Generator4 Tidal from Pondfirst at 0:10 · in 71% of games
  • Advanced Construction Bot1 T2 con bot from Geo or Techfirst at 7:40 · in 72% of games

How it plays out

Typical game of this build against the role’s standard build, running totals by minute

  • This build
  • Standard suicide front

Metal produced

010k20k30k
0:005:0010:0015:00

metal

Enemy metal destroyed

05k10k
0:005:0010:0015:00

metal

Own metal lost

05k10k
0:005:0010:0015:00

metal

153 games.

Show as table
ByMetal produced: This buildMetal produced: Standard suicide frontEnemy metal destroyed: This buildEnemy metal destroyed: Standard suicide frontOwn metal lost: This buildOwn metal lost: Standard suicide front
1:002302300000
2:0087888700210
3:0019692008190184127130
4:0031793109463645314501
5:004326418490213536891000
6:00546453471446218311621707
7:00656865432577305118892589
8:00789077603417393625623499
9:00929990464152468932804375
10:0011055104125075531238645161
11:0012988118895498585847185966
12:0015316135786111640753356686
13:0018261153966605687662557455
14:0021718172967410750468808213
15:0025008192528450810681689007
WHAT THE NUMBERS SAY

Slightly lower team win rate than standard but produces more metal and loses less by 15:00, trading some kills for safety.

  • + Own metal lost drops to 8453 vs 9182 standard by 15:00.
  • + Metal production climbs to 24621 vs 20088 standard by 15:00.
  • − Enemy metal destroyed lags standard at every checkpoint.
  • − Team win rate falls to 51% vs 58% standard.
THE EXAMPLE YOU ARE READING

XXMACGAMERXX

40.5 OS · 13/10/2026

Open source match ↗

11 received units · includes a constructor
272 metal received · 24256 energy received

Allied construction assistance is unknown. Timings are observations, not a promise of solo reproducibility.

Typical milestones

Bot Lab0:26Middle 50%: 0:20–0:33 · n=153
Gauntlet5:03Middle 50%: 4:25–5:30 · n=141
Advanced Metal Extractor9:25Middle 50%: 8:38–10:23 · n=131

Played most by

_X_22games of this build_Hawkey_13games of this build[crd]sisa12games of this buildTrapCaT12games of this buildPlatinumBlonde9games of this build